 Dungeon Crawl Stone Soup version 0.28.0-53-g5a82cb258f (webtiles) character file.

Game seed: 2419905057957116834

4 LynnLen the Sneak (level 1, 0/13 HPs)
             Began as a Vampire Enchanter on July 30, 2022.
             Slain by a kobold
             ... wielding a +0 whip
              (3 damage)
             ... on level 1 of the Dungeon.
             The game lasted 00:00:30 (301 turns).

LynnLen the Sneak (Vampire Enchanter)                Turns: 301, Time: 00:00:31

Health: 0/13       AC:  2    Str:  7    XL:     1   Next: 58%
Magic:  3/3        EV: 12    Int: 17    God:
Gold:   10         SH:  0    Dex: 14    Spells: 4/4 levels left

rFire   . . .      SeeInvis +   a - +1 dagger
rCold   . . .      Faith    .   (no shield)
rNeg    . . .      Spirit   .   b - +0 robe
rPois   .          Reflect  .   (no helmet)
rElec   .          Harm     .   (no cloak)
rCorr   .          Rampage  .   (no gloves)
Will    .....                   (no boots)
Stlth   +++.......              (no amulet)
HPRegen 0.24/turn               (no ring)
MPRegen 0.08/turn               (no ring)

@: healing quickly
A: alive, fangs 3, see invisible, vampiric 1
a: Exsanguinate


You were on level 1 of the Dungeon.
You visited 1 branch of the dungeon, and saw 1 of its levels.

You collected 10 gold pieces.

Inventory:

Hand Weapons
 a - a +1 dagger (weapon)
Armour
 b - a +0 robe (worn)
Scrolls
 d - a scroll of fear {unknown}
Potions
 c - a potion of invisibility


   Skills:
 * Level 1.2 Short Blades
 * Level 2.2 Dodging
 * Level 4.6 Stealth
 * Level 2.0 Spellcasting
 + Level 4.5 Hexes


You had 4 spell levels left.
You didn't know any spells.
Your spell library contained the following spells:

 Spells                   Type           Power      Damage    Failure   Level
 Confusing Touch          Hex            17%        N/A       9%          3
 Tukima's Dance           Hex            17%        N/A       9%          3
 Ensorcelled Hibernation  Hex/Ice        18%        N/A       12%         2
 Dazzling Flash           Conj/Hex       18%        N/A       22%         3


Dungeon Overview and Level Annotations

Branches:
Dungeon (1/15)

Altars:


Innate Abilities, Weirdness & Mutations

Your natural rate of healing is accelerated.
You have razor-sharp teeth.
You have supernaturally acute eyesight. (SInv)
You are afflicted with vampirism.


Message History

The frilled lizard is heavily wounded.
You hit the frilled lizard.
You kill the frilled lizard!
You now have 10 gold pieces.
You open the door.
There is an open door here.
A hobgoblin comes into view.
Found a stone staircase leading down.
A kobold comes into view. It is wielding a +0 whip.
There is a stone staircase leading down here.
The hobgoblin shouts!
The kobold shouts!
The hobgoblin hits you.
You hit the hobgoblin but do no damage. The hobgoblin barely misses you.
You hit the hobgoblin.
The hobgoblin is moderately wounded.
The hobgoblin hits you.
You closely miss the hobgoblin.
You punch the hobgoblin, but do no damage.
The hobgoblin hits you.
* * * LOW HITPOINT WARNING * * *
You hit the hobgoblin but do no damage. The hobgoblin closely misses you.
The kobold barely misses you.
You hit the hobgoblin but do no damage. The hobgoblin barely misses you.
The kobold hits you but does no damage.
You hit the hobgoblin but do no damage. The hobgoblin closely misses you.
The kobold hits you with a +0 whip.
* * * LOW HITPOINT WARNING * * *
You hit the hobgoblin.
The hobgoblin is moderately wounded.
The hobgoblin hits you.
* * * LOW HITPOINT WARNING * * *
The kobold barely misses you.
You barely miss the hobgoblin. You bite the hobgoblin.
The hobgoblin is severely wounded.
The hobgoblin closely misses you. The kobold closely misses you.
You hit the hobgoblin.
You kill the hobgoblin!
The kobold hits you but does no damage. The kobold hits you with a +0 whip.
You die...

####... #.....#
#.....# #.....#....#
#.....#....#
#.....#....###########
#.....+....+..........
#...K@#....# ####...
#.....#....#####....##
#.....#....##....####.
#....>+.......####....
#.....##'######.......
#.....##.# ##.....###
#####....# ##....###..
#+#### #....##....
##...##....#


You could see a kobold.

Vanquished Creatures
  A ball python (D:1)
  A hobgoblin (D:1)
  A quokka (D:1)
  A frilled lizard (D:1)
4 creatures vanquished.

Notes
Turn   | Place    | Note
-------+----------+-------------------------------------------
     0 | D:1      | LynnLen the Vampire Enchanter began the quest for the Orb.
     0 | D:1      | Reached XP level 1. HP: 13/13 MP: 3/3
   301 | D:1      | Slain by a kobold

Illustrated notes

Levels and vault maps discovered:
D:1:      dpeg_arrival_circle_labyrinth_c, layout_basic, serial_shops,
          nicolae_shop_stone, supply_closet_lemuel, minmay_unequal

Action                   || total
-------------------------++-------
Melee: Dagger            ||    27
       Punch             ||     1
       Bite              ||     1
Armor: Robe              ||     3
Dodge: Dodged            ||    20
